 Dungeon Crawl Stone Soup version 0.17-a0-1914-gde4187c (webtiles) character file.

49 Holeefuk the Shield-Bearer (level 4, 0/35 HPs)
             Began as a Formicid Fighter on Sept 26, 2015.
             Succumbed to an adder's poison
             ... on level 2 of the Dungeon.
             The game lasted 00:02:10 (946 turns).

Holeefuk the Shield-Bearer (Formicid Fighter)        Turns: 946, Time: 00:02:10

Health: 0/35       AC:  6    Str: 20    XL:     4   Next: 1%
Magic:  4/4        EV:  8    Int:  8    God:
Gold:   93         SH:  9    Dex: 11    Spells: 0 memorised, 3 levels left

rFire  . . .     SeeInvis +     a - +0 long sword
rCold  . . .     Clarity  .     b - +0 scale mail
rNeg   . . .     SustAt   .     c - +0 shield
rPois  .         Gourm    .     (helmet unavailable)
rElec  .         Spirit   .     (no cloak)
rCorr  .         Warding  .     (no gloves)
rMut   .         Stasis   +     (no boots)
MR     .....                    (no amulet)
Stlth  ..........               (no ring)
                                (no ring)

@: lethally poisoned (0 -> -4), not resistant to hostile enchantments, extremely
unstealthy
A: permanent stasis, dig shafts and tunnels, four strong arms, antennae 3
a: Dig, Shaft Self


You were on level 2 of the Dungeon.
You were not hungry.

You visited 1 branch of the dungeon, and saw 2 of its levels.

You collected 93 gold pieces.

Inventory:

Hand weapons
 a - a +0 long sword (weapon)
Armour
 b - a +0 scale mail (worn)
 c - a +0 shield (worn)
Scrolls
 f - a scroll of enchant weapon {unknown}
 g - a scroll of blinking {unknown}
 h - a scroll of identify {unknown}
 i - a scroll of teleportation {unknown}
 j - 2 scrolls of immolation {unknown}
 k - a scroll of recharging {unknown}
 n - a scroll of amnesia {unknown}
Potions
 d - 2 potions of might
 l - a potion of haste {unknown}
 m - a potion of heal wounds {unknown}
Comestibles
 e - 3 bread rations


   Skills:
 - Level 3.2 Fighting
 * Level 2.8 Long Blades
 - Level 3.2 Armour
 - Level 2.2 Dodging
 - Level 3.6 Shields


You had 3 spell levels left.
You didn't know any spells.

Dungeon Overview and Level Annotations

Branches:
Dungeon (2/15)

Altars:


Innate Abilities, Weirdness & Mutations

You are under a permanent stasis effect.
You can dig through walls and to a lower floor.
Your four strong arms can wield two-handed weapons with a shield.
You have a pair of large antennae on your head (SInv).


Message History

You kill the adder!
You have reached level 4!
You feel clever.
* * * LOW HITPOINT WARNING * * *
You feel sick. You block the bat's attack.
You closely miss the bat. The bat hits you but does no damage.
The bat closely misses you. The bat hits you but does no damage.
You hit the bat.
You kill the bat!
* * * LOW HITPOINT WARNING * * *
You feel sick. You block the bat's attack.
* * * LOW HITPOINT WARNING * * *
You feel sick. You block the bat's attack.
Things that are here:
a bat corpse; an adder corpse; a giant newt corpse You are too injured to fight recklessly!
You are too injured to fight recklessly!
You closely miss the bat. You block the bat's attack.
The bat barely misses you.
Your shield and scale mail prevent you from hitting the bat.
You die...

#.#.#.#.# #.#.#.#.#
#.#.#.#.# .#####.#.#.#.#
.........#.# #
..####.#...# # ### #.#)###
# ## #####.# #.....#
...###...@###########..#
........#b.............#
....%....#############.###
.....................#...>
........(#.####.####.#.##.
.$.......#.#..#.#.⌠#.#.##.
#........#.#..'.'..#.#....
#........#.#+##.####.#.##.
#........#...........#.##.


You could see a bat.

Vanquished Creatures
  An adder (D:2)
  An ooze (D:1)
  A worm (D:2)
  A giant gecko (D:1)
  3 bats
  2 giant cockroaches (D:1)
  4 goblins
  7 hobgoblins
  3 giant newts
  6 kobolds
  2 rats
31 creatures vanquished.

Notes
Turn   | Place    | Note
--------------------------------------------------------------
     0 | D:1      | Holeefuk the Formicid Fighter began the quest for the Orb.
     0 | D:1      | Reached XP level 1. HP: 18/18 MP: 1/1
    36 | D:1      | Reached skill level 1 in Dodging
   109 | D:1      | Reached XP level 2. HP: 24/24 MP: 2/2
   234 | D:1      | Reached XP level 3. HP: 12/29 MP: 3/3
   941 | D:2      | Reached XP level 4. HP: 4/35 MP: 4/4
   944 | D:2      | HP: 1/35 [poisoned by an adder]
   946 | D:2      | Succumbed to an adder's poison

Vault maps used:
D:1:      roderic_octagonal_star
D:2:      minmay_door_path, serial_glass, glass_columns_c, glass_columns_c,
          first_bread

Action                   |  1- 3 |  4- 6 || total
-------------------------+-------+-------++-------
Melee: Long sword        |   122 |     4 ||   126
 Abil: Dig               |     1 |       ||     1
